 Dungeon Sprint DCSS version 0.24-a0-388-gb57f36d6e0 (webtiles) character file.

Game seed: 15054125389883366944

3386 Groucho the Unseen (level 9, -18/47 HPs)
             Began as a Spriggan Enchanter on June 4, 2019.
             Was the Champion of Vehumet.
             Killed from afar by Josephine (28 damage)
             ... with a ghostly fireball
             ... in the Dungeon (Sprint VII: "The Pits").
             The game lasted 00:09:26 (1810 turns).

Groucho the Unseen (Spriggan Enchanter)             Turns: 1810, Time: 00:09:27

Health: -18/47     AC:  3    Str:  7    XL:     9   Next: 74%
Magic:  10/25      EV: 29    Int: 20    God:    Vehumet [******]
Gold:   0          SH:  0    Dex: 16    Spells: 22/31 levels left

rFire    . . .     SeeInvis +   a - +2 dagger
rCold    . . .     Gourm    .   (shield restricted)
rNeg     . . .     Faith    .   b - +0 robe
rPois    .         Spirit   .   (helmet restricted)
rElec    .         Reflect  .   u - +0 cloak
rCorr    .         Harm     .   (gloves unavailable)
MR       +....     NoTele   +   (boots unavailable)
Stlth    ++++++....             (no amulet)
HPRegen  0.15/turn              o - +3 ring of intelligence
MPRegen  0.19/turn              p - +3 ring of evasion

@: slowed, drained, quick
A: very small, unfitting armour, see invisible, herbivore, speed 3, slow
metabolism 2
a: Renounce Religion


You were in the Dungeon.
You worshipped Vehumet.
Vehumet was exalted by your worship.
You were not hungry.

You visited 1 branch

Inventory:

Hand Weapons
 a - a +2 dagger (weapon)
 t - a +2 rapier of protection
Missiles
 k - 9 stones (quivered)
Armour
 b - a +0 robe (worn)
 u - a +0 cloak (worn)
Jewellery
 o - a +3 ring of intelligence (left hand)
 p - a +3 ring of evasion (right hand)
Scrolls
 j - a scroll of blinking
 l - 3 scrolls of remove curse
 m - 5 scrolls of amnesia
 n - a scroll of summoning
Potions
 c - a potion of invisibility
 e - 4 potions of curing
 f - 9 potions of heal wounds
 g - a potion of haste
 h - 3 potions of magic
 i - 4 potions of berserk rage
 q - a potion of brilliance
 r - a potion of might
 s - a potion of mutation
Comestibles
 d - 9 rations


   Skills:
 + Level 5.1(4.4) Fighting
 * Level 9.7(9.0) Short Blades
 * Level 11.3(10.6) Dodging
 - Level 15.0(14.2) Stealth
 * Level 11.6(10.8) Spellcasting
 + Level 5.2(4.6) Conjurations
 * Level 12.7(11.9) Hexes


You had 22 spell levels left.
You knew the following spells:

 Your Spells              Type           Power        Failure   Level  Hunger
a - Corona                Hex            ######.      1%          1    None
b - Ensorcelled Hibernat  Hex/Ice        ####..       1%          2    None
c - Confuse               Hex            ######..     1%          3    None
d - Dazzling Spray        Conj/Hex       #####.       1%          3    None

Your spell library contained the following spells:

 Spells                   Type           Power        Failure   Level  Hunger
 Stone Arrow              Conj/Erth      ###...       2%          3    None
 Tukima's Dance           Hex            ######..     1%          3    None


Dungeon Overview and Level Annotations

Branches:
Dungeon (1/1)

Altars:
Ashenzari
Cheibriados
Dithmenos
Elyvilon
Fedhas
Gozag
Hepliaklqana
Kikubaaqudgha
Makhleb
Nemelex Xobeh
Okawaru
Qazlal
Ru
Sif Muna
Trog
Uskayaw
Vehumet
Wu Jian
Xom
Yredelemnul
Zin
The Shining One
Beogh
Jiyva
Lugonu

Annotations:
D Josephine


Innate Abilities, Weirdness & Mutations

You are very small and have problems with some larger weapons.
You are too small for most types of armour.
You have supernaturally acute eyesight. (SInv)
You are a herbivore.
You cover ground extremely quickly.
You need to consume almost no food.


Message History

You kill the blink frog!
Vehumet accepts your kill.
You feel your power returning.
Casting: Ensorcelled Hibernation (safe; 1% risk of failure)
Confirm with . or Enter, or press ? or * to list all spells.
Aiming: Confuse (safe; 1% risk of failure)
Press: ? - help, Shift-Dir - straight line, f - wraith
Aim: a wraith (chance to defeat MR: 42%)
The wraith resists with some effort.
Casting: Confuse (safe; 1% risk of failure)
Confirm with . or Enter, or press ? or * to list all spells.
Aiming: Ensorcelled Hibernation (safe; 1% risk of failure)
Press: ? - help, Shift-Dir - straight line, f - Josephine, p - wraith
Aim: Josephine, wielding a +0 dagger and wearing a +0 robe (chance to defeat MR: 30%) Josephine easily resists.
Josephine points at you and mumbles some strange words.
The ghostly flame explodes!
The ghostly fireball engulfs you!!
You feel drained.
Ouch! That really hurt!
You die...

....##..##..............
<...##..####..†#†######.
....##..#..#####.##
....##..#....##...#
....##..'....†#†..#
######..'....)'...+
######..'.....#...#
..[[##..#....##...#
..[.##..#..#####@##
..))##..####Y§l#@######.
..).##..##..w..†WW......
..))##..#.......w......#
########################


You could see Josephine, 2 wraiths and a worm.

Vanquished Creatures
  A rime drake (D)
  A hellwing (D)
  A jumping spider (D)
  A polar bear (D)
  9 blink frogs (D)
  A redback (D)
  An acid dragon (D)
  Duvessa (D)
  A floating eye (D)
  A sky beast (D)
  An eye of draining (D)
  A gnoll sergeant (D)
  Dowan (D)
  A hound (D)
  An iguana (D)
  3 gnolls (D)
  An adder (D)
  2 oozes (D)
  A worm (D)
  A leopard gecko (D)
  A bat zombie (D)
  A giant cockroach (D)
  A goblin (D)
  A hobgoblin (D)
  2 jackals (D)
  3 quokkas (D)
  A bat (D)
  A frilled lizard (D)
  A quokka zombie (D)
  A rat (D)
44 creatures vanquished.

Notes
Turn   | Place    | Note
-------+----------+-------------------------------------------
     0 | D        | Groucho the Spriggan Enchanter began the quest for the Orb.
     0 | D        | Reached XP level 1. HP: 9/9 MP: 5/5
    13 | D        | Reached skill level 5 in Stealth
    44 | D        | Found a bloodstained altar of Trog.
    44 | D        | Found a deep blue altar of Sif Muna.
    44 | D        | Found a viscous altar of Jiyva.
    44 | D        | Found a hazy altar of Hepliaklqana.
    44 | D        | Found an opulent altar of Gozag.
    45 | D        | Found a glowing golden altar of the Shining One.
    45 | D        | Found a glowing silver altar of Zin.
    45 | D        | Found a basalt altar of Yredelemnul.
    45 | D        | Found a shimmering altar of Xom.
    45 | D        | Found an ornate altar of the Wu Jian Council.
    45 | D        | Found a sacrificial altar of Ru.
    45 | D        | Found a stormy altar of Qazlal.
    45 | D        | Found an iron altar of Okawaru.
    45 | D        | Found a sparkling altar of Nemelex Xobeh.
    45 | D        | Found a burning altar of Makhleb.
    45 | D        | Found a blossoming altar of Fedhas.
    45 | D        | Found a white marble altar of Elyvilon.
    45 | D        | Found a shadowy altar of Dithmenos.
    45 | D        | Found a snail-covered altar of Cheibriados.
    48 | D        | Found a corrupted altar of Lugonu.
    48 | D        | Found a radiant altar of Vehumet.
    48 | D        | Found a roughly hewn altar of Beogh.
    49 | D        | Found an ancient bone altar of Kikubaaqudgha.
    49 | D        | Found a hide-covered altar of Uskayaw.
    49 | D        | Found a shattered altar of Ashenzari.
    57 | D        | Became a worshipper of Vehumet
    93 | D        | Reached * piety under Vehumet
    93 | D        | Offered knowledge of Flame Tongue by Vehumet.
    93 | D        | Reached skill level 6 in Stealth
    93 | D        | Noticed a floating eye
   100 | D        | Paralysed by a floating eye for 3 turns
   107 | D        | Paralysed by a floating eye for 4 turns
   112 | D        | Killed a floating eye
   112 | D        | Reached skill level 10 in Stealth
   112 | D        | Reached XP level 2. HP: 6/13 MP: 7/10
   112 | D        | Reached XP level 3. HP: 8/16 MP: 7/11
   112 | D        | Reached XP level 4. HP: 10/21 MP: 8/13
   688 | D        | Learned a level 2 spell: Ensorcelled Hibernation
   692 | D        | Learned a level 3 spell: Confuse
   696 | D        | Learned a level 3 spell: Dazzling Spray
   711 | D        | Reached skill level 11 in Stealth
   722 | D        | Offered knowledge of Throw Flame by Vehumet.
   729 | D        | Reached ** piety under Vehumet
   789 | D        | Noticed a sky beast
   790 | D        | Noticed a gnoll sergeant
   797 | D        | Noticed Dowan
   801 | D        | Reached skill level 1 in Conjurations
   801 | D        | Reached XP level 5. HP: 24/24 MP: 13/15
   804 | D        | Reached skill level 12 in Stealth
   811 | D        | Reached *** piety under Vehumet
   832 | D        | Noticed Duvessa
   839 | D        | Killed a sky beast
   839 | D        | Reached **** piety under Vehumet
   839 | D        | Reached skill level 1 in Fighting
   839 | D        | Reached skill level 13 in Stealth
   839 | D        | Reached XP level 6. HP: 30/30 MP: 8/17
   845 | D        | Killed Dowan
   854 | D        | Killed Duvessa
   854 | D        | Reached skill level 5 in Dodging
  1161 | D        | Offered knowledge of Static Discharge by Vehumet.
  1172 | D        | Reached ***** piety under Vehumet
  1174 | D        | Reached XP level 7. HP: 35/35 MP: 14/19
  1434 | D        | Noticed a rime drake
  1449 | D        | Offered knowledge of Ignite Poison by Vehumet.
  1458 | D        | Reached skill level 5 in Short Blades
  1458 | D        | Reached skill level 14 in Stealth
  1582 | D        | Killed a rime drake
  1582 | D        | Reached skill level 10 in Hexes
  1695 | D        | Noticed a jumping spider
  1708 | D        | Killed a jumping spider
  1708 | D        | Offered knowledge of Stone Arrow by Vehumet.
  1708 | D        | Reached skill level 15 in Stealth
  1708 | D        | Reached XP level 8. HP: 40/40 MP: 19/21
  1734 | D        | Noticed a blink frog
  1735 | D        | Noticed a hellwing
  1735 | D        | Noticed a blink frog
  1735 | D        | Noticed a blink frog
  1735 | D        | Noticed a blink frog
  1736 | D        | Noticed a blink frog
  1736 | D        | Noticed a polar bear
  1737 | D        | Killed a blink frog
  1738 | D        | Killed a polar bear
  1738 | D        | Reached ****** piety under Vehumet
  1744 | D        | Killed a blink frog
  1744 | D        | Reached skill level 10 in Spellcasting
  1751 | D        | Killed a hellwing
  1751 | D        | Reached XP level 9. HP: 38/45 MP: 12/24
  1761 | D        | Reached skill level 10 in Dodging
  1776 | D        | Reached skill level 5 in Conjurations
  1794 | D        | Noticed Josephine
  1795 | D        | Noticed a catoblepas
  1803 | D        | Reached skill level 5 in Fighting
  1810 | D        | Killed from afar by Josephine

Levels and vault maps discovered:
D:        pitsprint [storerooms_1, entrance_room_1, metal_vault_1, armoury_2,
          mini_pit_1, grid_room_1, main_hall_1, silver_pit, the_coven_3,
          the_vestibule_1, steel_vault_1, golden_pit, hallway_of_sentries,
          crystal_vault_6, iron_vault_1, final_vault]

Skill      XL: |  1  2  3  4  5  6  7  8  9 |
---------------+----------------------------+-----
Stealth        | 10 11 13 15 | 15.0
Spellcasting   | 6 7 8 10 11 | 11.6
Hexes          | 6 7 8 9 10 11 12 | 12.7
Conjurations   | 1 2 3 4 5 |  5.2
Fighting       | 1 2 3 4 5 |  5.1
Short Blades   | 3 4 6 8 9 |  9.7
Dodging        | 4 5 6 9 11 | 11.3

Action                   |  1- 3 |  4- 6 |  7- 9 || total
-------------------------+-------+-------+-------++-------
Melee: Dagger            |    28 |    48 |    32 ||   108
Throw: Stone             |       |     4 |     1 ||     5
 Cast: Ensorcelled Hiber |       |    10 |    29 ||    39
       Confuse           |       |     1 |     3 ||     4
       Dazzling Spray    |       |       |     5 ||     5
  Use: Potion            |       |     3 |     5 ||     8
 Stab: Sleeping          |       |    10 |    17 ||    27
       Invisible         |       |     8 |     1 ||     9
       Confused          |       |       |     2 ||     2
       Petrified         |       |       |     1 ||     1
Armor: Robe              |     1 |       |     3 ||     4
Dodge: Dodged            |    15 |    24 |    39 ||    78

Table legend:
 A = Non-vault XP
 B = Vault XP
 C = Vault XP percentage of total XP
 D = Non-vault monster count
 E = Vault monster count
 F = Vault count percentage of total count
                 A         B        C        D         E       F
            +---------+---------+-------+---------+---------+-------
      Total |       0 |    4838 | 100.0 |       0 |      44 | 100.0
            +---------+---------+-------+---------+---------+-------
          D |       0 |    4838 | 100.0 |       0 |      44 | 100.0
            +---------+---------+-------+---------+---------+-------
